 Dungeon Crawl Stone Soup version 0.31-a0-846-gb3bcc0d938 (webtiles) character file.

Game seed: 10412874713318960391

170 javelincjr the Caller (level 5, -2/37 HPs)
             Began as a Gnoll Summoner on Oct 3, 2023.
             Slain by a hornet zombie (9 damage)
             ... in an ossuary.
             The game lasted 00:12:12 (2433 turns).

javelincjr the Caller (Gnoll Summoner)              Turns: 2433, Time: 00:12:12

Health: -2/37      AC:  6    Str:  7    XL:     5   Next: 50%
Magic:  8/12       EV: 13    Int: 16    God:
Gold:   116        SH:  0    Dex: 13    Spells: 11/14 levels left

rFire   . . .        v - +0 spear
rCold   . . .        (no shield)
rNeg    . . .        a - +0 robe
rPois   .            (no helmet)
rElec   .            (no cloak)
rCorr   .            (no gloves)
SInv    .            (no boots)
Will    .....        (no amulet)
Stlth   +++          k - +4 ring of protection
HPRegen 0.26/turn    h - ring of wizardry
MPRegen 0.13/turn

%: wizardry (x1)
@: no status effects
A: fangs 1, strong nose, distributed training
a: no special abilities


You were in an ossuary.
You visited 1 branch of the dungeon, and saw 4 of its levels.
You also visited: Ossuary.

You collected 116 gold pieces.

Inventory:

Hand Weapons
 c - a +0 sling
 s - a +0 dagger of venom
 v - a +0 spear (weapon)
Missiles
 p - 6 poisoned darts
Armour
 a - a +0 robe (worn)
Jewellery
 f - a ring of positive energy
 h - a ring of wizardry (right hand)
 k - a +4 ring of protection (left hand)
Scrolls
 d - a scroll of fog {unknown}
 e - 3 scrolls of identify {unknown}
 i - a scroll of noise {unknown}
 j - a scroll of vulnerability {unknown}
 m - a scroll of enchant armour {unknown}
 n - a scroll of immolation {unknown}
 t - a scroll of teleportation {unknown}
 u - a scroll of summoning {unknown}
 w - a scroll of brand weapon {unknown}
Potions
 b - a potion of magic
 g - 2 potions of brilliance {unknown}
 l - 2 potions of curing {unknown}
 o - 2 potions of enlightenment {unknown}
 q - a potion of mutation {unknown}
 r - a potion of cancellation {unknown}


   Skills:
 + Level 1.5 Fighting
 + Level 1.5 Short Blades
 + Level 1.5 Long Blades
 + Level 1.5 Axes
 + Level 1.5 Maces & Flails
 + Level 1.5 Polearms
 + Level 1.5 Staves
 + Level 1.5 Ranged Weapons
 + Level 1.5 Throwing
 + Level 1.5 Armour
 + Level 4.8 Dodging
 + Level 4.4 Stealth
 + Level 1.5 Shields
 + Level 1.5 Unarmed Combat
 + Level 5.2 Spellcasting
 + Level 1.2 Conjurations
 + Level 1.2 Hexes
 + Level 7.2 Summonings
 + Level 1.2 Necromancy
 + Level 1.2 Translocations
 + Level 1.2 Transmutations
 + Level 1.2 Fire Magic
 + Level 1.2 Ice Magic
 + Level 1.2 Air Magic
 + Level 1.2 Earth Magic
 + Level 1.2 Poison Magic
 + Level 1.7 Invocations
 + Level 1.5 Evocations
 + Level 1.4 Shapeshifting


You had 11 spell levels left.
You knew the following spells:

 Your Spells              Type           Power      Damage    Failure   Level
a - Summon Small Mammal   Summ           100%       N/A       1%          1
b - Call Imp              Summ           54%        N/A       1%          2

Your spell library contained the following spells:

 Spells                   Type           Power      Damage    Failure   Level
 Call Canine Familiar     Summ           27%        N/A       1%          3
 Freeze                   Ice            32%        1d5       3%          1
 Summon Guardian Golem    Hex/Summ       17%        N/A       3%          3
 Sublimation of Blood     Necr           8%         N/A       6%          2
 Wereblood                Tmut           8%         N/A       6%          2
 Frozen Ramparts          Ice            16%        1d3       11%         3
 Hailstorm                Conj/Ice       8%         3d4       11%         3
 Summon Lightning Spire   Summ/Air       17%        N/A       11%         4
 Summon Hydra             Summ           13%        N/A       92%         7


Dungeon Overview and Level Annotations

Branches:
Dungeon (4/15)            Ossuary (1/1)
 Temple: D:4-7

Altars:
Elyvilon
Gozag

Annotations:
D:4 Edmund


Innate Abilities, Weirdness & Mutations

You have very sharp teeth.
Your uncanny sense of smell can sniff out nearby items.
Your experience applies equally to all skills.


Message History

Your cerulean imp hits the mummy with a -2 spear.
The mummy misses you.
You hit the mummy.
You destroy the mummy!
Something hits your quokka!
Your quokka dies!
Your quokka's corpse disappears in a puff of smoke!
You start resting.
A hornet zombie comes into view.
Your cerulean imp hits the hornet zombie from afar with a -2 spear.
Your quokka bites the hornet zombie.
You hit the hornet zombie but do no damage.
The hornet zombie is lightly damaged.
Your cerulean imp closely misses the hornet zombie.
Your quokka bites the hornet zombie but does no damage.
The hornet zombie hits you but does no damage.
You hit the hornet zombie but do no damage.
Your bite misses the hornet zombie.
The hornet zombie is lightly damaged.
Your quokka barely misses the hornet zombie.
The hornet zombie closely misses you.
Your cerulean imp hits the hornet zombie with a -2 spear.
You completely miss the hornet zombie.
The hornet zombie is lightly damaged.
Your quokka bites the hornet zombie but does no damage.
The hornet zombie hits you!
Your cerulean imp closely misses the hornet zombie.
The hornet zombie hits you!
* * * LOW HITPOINT WARNING * * *
Your quokka closely misses the hornet zombie.
You barely miss the hornet zombie.
The hornet zombie is lightly damaged.
Your cerulean imp hits the hornet zombie with a -2 spear.
The hornet zombie barely misses you.
Your quokka barely misses the hornet zombie.
You closely miss the hornet zombie.
The hornet zombie is moderately damaged.
Your cerulean imp hits the hornet zombie but does no damage.
The hornet zombie hits you!
You die...

#+# +..
#.#####
+.#...#
#.'r5.#
#.'.#Z@∩#
###.#####
'.+ ##.#
'.#∆∆∆
∆∆∆
#M+∆∆∆
∆∆∆
+.#∆∆∆
∆∆∆


You could see a hornet zombie (ally target), a friendly cerulean imp (summoned)
and a friendly quokka (summoned).

Vanquished Creatures
  3 mummies (Ossuary)
  An adder (D:3)
  A worm (D:2)
  A dart slug (D:2)
  8 ball pythons
  9 endoplasms
  5 goblins
  3 hobgoblins (D:1)
  3 kobolds
  2 quokkas
  4 bats
  4 frilled lizards
  7 rats
51 creatures vanquished.

Vanquished Creatures (collateral kills)
  3 mummies (Ossuary)
  An adder (D:3)
  A dart slug (D:1)
  A ball python (D:4)
  3 bats
  2 endoplasms
  7 goblins
  A frilled lizard (D:3)
  A rat (D:2)
20 creatures vanquished.

Grand Total: 71 creatures vanquished

Notes
Turn   | Place    | Note
-------+----------+-------------------------------------------
     0 | D:1      | javelincjr the Gnoll Summoner began the quest for the Orb.
     0 | D:1      | Reached XP level 1. HP: 13/13 MP: 6/6
   123 | D:1      | Reached XP level 2. HP: 19/19 MP: 4/7
   405 | D:1      | Reached skill level 5 in Spellcasting
   405 | D:1      | Reached XP level 3. HP: 25/25 MP: 5/9
   851 | D:2      | Reached skill level 1 in Invocations
  1046 | D:2      | Reached skill level 1 in Fighting
  1046 | D:2      | Reached skill level 1 in Short Blades
  1046 | D:2      | Reached skill level 1 in Long Blades
  1046 | D:2      | Reached skill level 1 in Axes
  1046 | D:2      | Reached skill level 1 in Maces & Flails
  1046 | D:2      | Reached skill level 1 in Polearms
  1046 | D:2      | Reached skill level 1 in Staves
  1046 | D:2      | Reached skill level 1 in Ranged Weapons
  1046 | D:2      | Reached skill level 1 in Throwing
  1046 | D:2      | Reached skill level 1 in Armour
  1046 | D:2      | Reached skill level 1 in Shields
  1046 | D:2      | Reached skill level 1 in Unarmed Combat
  1046 | D:2      | Reached skill level 1 in Evocations
  1059 | D:2      | Found a faded altar of an unknown god.
  1209 | D:2      | Found an opulent altar of Gozag.
  1543 | D:2      | Reached XP level 4. HP: 27/32 MP: 11/11
  1580 | D:2      | Learned a level 2 spell: Call Imp
  1802 | D:3      | Reached skill level 1 in Shapeshifting
  1852 | D:3      | Found a white marble altar of Elyvilon.
  2189 | D:3      | Reached skill level 1 in Conjurations
  2189 | D:3      | Reached skill level 1 in Hexes
  2189 | D:3      | Reached skill level 1 in Necromancy
  2189 | D:3      | Reached skill level 1 in Translocations
  2189 | D:3      | Reached skill level 1 in Transmutations
  2189 | D:3      | Reached skill level 1 in Fire Magic
  2189 | D:3      | Reached skill level 1 in Ice Magic
  2189 | D:3      | Reached skill level 1 in Air Magic
  2189 | D:3      | Reached skill level 1 in Earth Magic
  2189 | D:3      | Reached skill level 1 in Poison Magic
  2332 | D:4      | Noticed Edmund
  2364 | D:4      | Found a sand-covered staircase.
  2364 | D:4      | Noticed an ogre
  2380 | Ossuary  | Entered an ossuary
  2408 | Ossuary  | Reached XP level 5. HP: 18/37 MP: 7/12
  2433 | Ossuary  | Slain by a hornet zombie

Illustrated notes

Levels and vault maps discovered:
D:1:      elethiomel_arrival_diamonds, layout_loops_ring
D:2:      layout_loops_corners, basic_altar,
          shapermc_ecumenical_altar_mp_ritualfount, hangedman_decor_growths,
          chequers_serial_rivers_small_3, minmay_cupped
D:3:      layout_rooms, elyvilon_altar_1, minmay_misc_feat_chi, minivault_25,
          minmay_surrounded
D:4:      layout_basic, lightli_ossuary_entry_decrepit_ruins, uniq_sigmund,
          uniq_edmund
Ossuary:  ossuary_zaba_flooded

Skill      XL: |  1  2  3  4 |
---------------+-------------+-----
Spellcasting   | 5 |  5.2
Invocations    | 1 |  1.7
Fighting       | 1 |  1.5
Short Blades   | 1 |  1.5
Long Blades    | 1 |  1.5
Axes           | 1 |  1.5
Maces & Flails | 1 |  1.5
Polearms       | 1 |  1.5
Staves         | 1 |  1.5
Ranged Weapons | 1 |  1.5
Throwing       | 1 |  1.5
Armour         | 1 |  1.5
Shields        | 1 |  1.5
Unarmed Combat | 1 |  1.5
Evocations     | 1 |  1.5
Shapeshifting  | 1 |  1.4
Conjurations   | 1 |  1.2
Hexes          | 1 |  1.2
Necromancy     | 1 |  1.2
Translocations | 1 |  1.2
Transmutations | 1 |  1.2
Fire Magic     | 1 |  1.2
Ice Magic      | 1 |  1.2
Air Magic      | 1 |  1.2
Earth Magic    | 1 |  1.2
Poison Magic   | 1 |  1.2
Dodging        | |  4.8
Stealth        | |  4.4
Summonings     | |  7.2

Action                     |  1- 3 |  4- 6 || total
---------------------------+-------+-------++-------
  Melee: Spear             |       |    39 ||    39
         Bite              |       |     4 ||     4
         Punch             |       |     1 ||     1
   Fire: Sling             |   126 |    26 ||   152
   Cast: Summon Small Mamm |    14 |    17 ||    31
         Call Imp          |       |    11 ||    11
   Stab: Distracted        |       |     2 ||     2
         Sleeping          |       |     1 ||     1
 Armour: Robe              |    29 |    21 ||    50
  Dodge: Dodged            |    46 |    33 ||    79

Table legend: (Time is in decaauts)
 A = Elapsed time spent in this place.
 B = Non-inter-level travel time spent in this place.
 C = Inter-level travel time spent in this place.
 D = Time resting spent in this place.
 E = Time spent auto-exploring this place.
 F = Levels seen in this place.
 G = Mean time per level.
                   A        B        C        D        E       F      G
               +--------+--------+--------+--------+--------+-----+--------+
         Total |   2488 |   2462 |     26 |      0 |   1849 |   5 |  497.6 |
       Dungeon |   2435 |   2409 |     26 |      0 |   1849 |   4 |  608.8 |
       Ossuary |     53 |     53 |      0 |      0 |      0 |   1 |   53.0 |
               +--------+--------+--------+--------+--------+-----+--------+

Top non-repeatable levels by time:
     D:2: 937 daAuts
     D:1: 866 daAuts
     D:3: 568 daAuts
     D:4: 61 daAuts
 Ossuary: 53 daAuts
